 Seeded DCSS version 0.29.1-4-g47bece8355 (webtiles) character file.

Game seed: 1 (custom seed)

14227 Kazon the Carver (level 12, -5/94 HPs)
             Began as a Human Berserker on Dec 5, 2022.
             Was a High Priest of Trog.
             Slain by a black mamba (11 damage)
             ... on level 1 of the Lair of Beasts.
             The game lasted 00:50:53 (9119 turns).

Kazon the Carver (Human Berserker)                  Turns: 9119, Time: 00:50:54

Health: -5/94      AC:  9    Str: 19    XL:     12   Next: 42%
Magic:  12/12      EV: 15    Int: 10    God:    Trog [*****.]
Gold:   637        SH:  5    Dex: 17    Spells: 11/11 levels left

rFire   . . .      SeeInvis +   s - +6 scimitar of Conscience {elec, rF- rCorr Dex+3 SInv}
rCold   + + .      Faith    .   c - +0 buckler
rNeg    + . .      Spirit   .   P - +0 troll leather armour
rPois   .          Reflect  .   g - +0 helmet
rElec   .          Harm     .   C - scarf {rC+ rF+}
rCorr   +          Rampage  .   (no gloves)
Will    .....                   k - +2 pair of boots
Stlth   +++.......              z - amulet of the acrobat
HPRegen 1.05/turn               r - ring of positive energy
MPRegen 0.13/turn               D - ring of protection from cold

@: no status effects
A: no striking features
a: Renounce Religion, Berserk, Trog's Hand, Brothers in Arms


You were on level 1 of the Lair of Beasts.
You worshipped Trog.
Trog was extremely pleased with you.
You visited 2 branches of the dungeon, and saw 12 of its levels.

You collected 863 gold pieces.
You spent 226 gold pieces at shops.

Inventory:

Hand Weapons
 d - a +3 demon blade
 e - a +2 dagger of venom
 s - the +6 scimitar of Conscience (weapon) {elec, rF- rCorr Dex+3 SInv}
   (You acquired it on level 1 of the Dungeon)

   It occasionally discharges a powerful burst of electricity upon striking a
   foe.
   Dex:       It affects your dexterity (+3).
   rF:        It makes you vulnerable to fire.
   SInv:      It lets you see invisible.
   rCorr:     It protects you from acid and corrosion.
 v - the +3 falchion of Winter {venom, rCorr}
   (You bought it in a shop on level 3 of the Dungeon)

   It poisons the flesh of those it strikes.
   rCorr:     It protects you from acid and corrosion.
 x - a +1 hand axe of venom
Missiles
 h - 31 stones
 n - a throwing net
 o - 23 boomerangs (quivered)
 A - 4 curare-tipped darts
 F - 34 poisoned darts
Armour
 c - a +0 buckler (worn)
 g - a +0 helmet (worn)
 k - a +2 pair of boots (worn)
 C - a scarf of resistance (worn)
 P - a +0 troll leather armour (worn)
Jewellery
 f - a ring of protection from cold
 r - a ring of positive energy (left hand)
 z - an amulet of the acrobat (around neck)
 D - a ring of protection from cold (right hand)
Wands
 a - a wand of roots (6)
 y - a wand of mindburst (20)
 B - a wand of flame (39)
 J - a wand of paralysis (24)
 Q - a wand of polymorph (7)
Scrolls
 i - 6 scrolls of identify
 l - a scroll of immolation
 p - 2 scrolls of poison {unknown}
 q - 2 scrolls of noise {unknown}
 t - 4 scrolls of teleportation
 u - 3 scrolls of fog {unknown}
 E - 2 scrolls of enchant weapon {unknown}
 G - 3 scrolls of fear {unknown}
 K - a scroll of magic mapping {unknown}
 L - a scroll of summoning {unknown}
 O - a scroll of amnesia {unknown}
 R - a scroll of vulnerability {unknown}
Potions
 b - 2 potions of cancellation
 j - 4 potions of berserk rage
 m - 3 potions of flight
 w - 5 potions of lignification
 H - a potion of might
 I - a potion of curing
 N - 2 potions of haste
Miscellaneous
 M - a condenser vane
 S - a phial of floods


   Skills:
 + Level 8.8 Fighting
 + Level 4.5(8.4) Short Blades
 + Level 11.0(11.4) Long Blades
 + Level 1.4 Axes
 + Level 6.4 Throwing
 + Level 5.6 Armour
 + Level 6.6 Dodging
 + Level 6.5 Stealth
 + Level 2.6 Shields
 * Level 6.4 Evocations


You had 11 spell levels left.
You didn't know any spells.
Your spell library was empty.

Dungeon Overview and Level Annotations

Branches:
Dungeon (11/15)            Temple (0/1) D:7            Lair (1/5) D:10
    Orc: D:9-12

Altars:
Elyvilon
Hepliaklqana
Uskayaw

Shops:
D:3 (   D:8 ?(==   D:10 :


Message History

You feel very sick. The black mamba bites you.
You are more poisoned.
The black mamba poisons you! The black mamba barely misses you.
You hit the black mamba.
Lightning courses through the black mamba!
The black mamba is moderately wounded.
You feel extremely sick. The black mamba barely misses you.
You miss the black mamba.
The black mamba is moderately wounded.
You feel very sick. The black mamba misses you.
The black mamba closely misses you.
You miss the black mamba.
The black mamba is moderately wounded.
You feel very sick. The black mamba barely misses you.
You block the black mamba's attack.
You closely miss the black mamba.
The black mamba is moderately wounded.
You feel very sick. You block the black mamba's attack.
You hit the black mamba.
The black mamba is heavily wounded.
You feel very sick. The black mamba bites you!
* * * LOW HITPOINT WARNING * * *
You block the black mamba's attack.
You miss the black mamba.
The black mamba is heavily wounded.
You feel sick. The black mamba closely misses you.
You barely miss the black mamba.
The black mamba is heavily wounded.
You feel sick. The black mamba bites you.
* * * LOW HITPOINT WARNING * * *
The black mamba bites you!
* * * LOW HITPOINT WARNING * * *
You feel better. The black mamba bites you.
* * * LOW HITPOINT WARNING * * *
The black mamba bites you!
You die...

## ######.#
##.....##
##.......##
#.........#
#.PPPPS...#
#...P@P.P.#
.......PP...#
..#.P.......#
##.....P.##
##.....##
####.## ##. .


You could see a black mamba.

Vanquished Creatures
  Erolcha (D:10)
  A two-headed ogre (D:9)
  An ugly thing (D:11)
  A black mamba (Lair:1)
  Maggie (D:6)
  4 kobold demonologists (D:11)
  2 trolls (D:10)
  Prince Ribbit (D:9)
  2 shadows
  A vampire (D:10)
  22 yaks
  2 wyverns
  Eustachio (D:5)
  2 steam dragons
  Menkaure (D:5)
  Edmund (D:6)
  2 acid dragons
  4 water moccasins
  5 orc warriors
  An ice beast (D:8)
  5 sky beasts
  2 black bears (D:6)
  5 centaurs
  An ogre (D:6)
  A wolf (D:10)
  2 phantoms (D:6)
  3 kobold brigands
  3 necrophages
  A bullfrog (D:7)
  A gnoll sergeant (D:7)
  5 scorpions
  21 wights
  3 killer bees (D:10)
  An electric eel (D:10)
  A howler monkey (D:5)
  2 jellies (D:6)
  6 hounds
  7 orc priests
  A gnoll bouda (D:7)
  6 iguanas
  4 orc wizards
  Robin (D:3)
  15 gnolls
  13 adders
  3 shadow imps
  2 white imps (D:7)
  An ufetubus (D:5)
  3 worms
  37 orcs
  11 endoplasms
  A giant cockroach (D:1)
  16 goblins
  9 hobgoblins
  A jackal (D:4)
  27 kobolds
  A quokka (D:1)
  4 ball pythons
  4 bats
  3 frilled lizards
  6 rats
295 creatures vanquished.

Vanquished Creatures (others)
  A quokka (D:7)
1 creature vanquished.

Grand Total: 296 creatures vanquished

Notes
Turn   | Place    | Note
-------+----------+-------------------------------------------
     0 | D:1      | Kazon the Human Berserker began the quest for the Orb.
     0 | D:1      | Reached XP level 1. HP: 18/18 MP: 1/1
    37 | D:1      | Identified a scroll of acquirement
    37 | D:1      | Acquired the +6 scimitar of Conscience {elec, rF- rCorr
                  | Dex+3 SInv}
   164 | D:1      | Reached XP level 2. HP: 22/24 MP: 2/2
   453 | D:1      | Reached XP level 3. HP: 29/29 MP: 3/3
   875 | D:2      | Reached ** piety under Trog
   876 | D:2      | Reached skill level 1 in Stealth
   876 | D:2      | Reached XP level 4. HP: 33/35 MP: 4/4
  1097 | D:2      | Reached skill level 4 in Long Blades
  1251 | D:3      | Found Umat's Antique Weapon Boutique.
  1278 | D:3      | Bought a crude falchion for 184 gold pieces
  1278 | D:3      | Identified the +3 falchion of Winter {venom, rCorr} (You
                  | bought it in a shop on level 3 of the Dungeon)
  1402 | D:3      | Reached XP level 5. HP: 41/41 MP: 5/5
  1404 | D:3      | Reached skill level 1 in Throwing
  1408 | D:3      | Noticed Robin
  1433 | D:3      | Killed Robin
  1476 | D:3      | Reached skill level 5 in Fighting
  1476 | D:3      | Reached skill level 6 in Long Blades
  1476 | D:3      | Reached skill level 5 in Armour
  1476 | D:3      | Reached skill level 5 in Dodging
  1476 | D:3      | Reached skill level 5 in Stealth
  1476 | D:3      | Reached XP level 6. HP: 52/52 MP: 6/6
  2033 | D:4      | Reached XP level 7. HP: 36/57 MP: 7/7
  2367 | D:4      | Reached *** piety under Trog
  2413 | D:4      | Found a hazy altar of Hepliaklqana.
  2795 | D:5      | Entered Level 5 of the Dungeon
  2859 | D:5      | Reached skill level 7 in Long Blades
  2859 | D:5      | Reached skill level 1 in Evocations
  2859 | D:5      | Reached XP level 8. HP: 57/64 MP: 8/8
  2901 | D:5      | Noticed Eustachio
  2917 | D:5      | Killed Eustachio
  3398 | D:5      | Noticed Menkaure
  3406 | D:5      | Killed Menkaure
  3462 | D:5      | Reached XP level 9. HP: 67/69 MP: 9/9
  3736 | D:6      | Reached **** piety under Trog
  3828 | D:6      | Noticed Maggie
  3847 | D:6      | Killed Maggie
  4161 | D:6      | Noticed Edmund
  4172 | D:6      | Reached skill level 5 in Throwing
  4179 | D:6      | Killed Edmund
  4262 | D:6      | Reached skill level 8 in Long Blades
  4474 | D:6      | Reached XP level 10. HP: 77/77 MP: 10/10
  4668 | D:7      | Found a hide-covered altar of Uskayaw.
  4670 | D:7      | Found a staircase to the Ecumenical Temple.
  4690 | D:7      | Reached skill level 1 in Shields
  4935 | D:7      | Found a white marble altar of Elyvilon.
  4944 | D:7      | Reached ***** piety under Trog
  4945 | D:7      | Reached skill level 9 in Long Blades
  5303 | D:8      | Found Quzidd's Magic Scroll Emporium.
  5320 | D:8      | Bought a scroll of teleportation for 42 gold pieces
  5436 | D:8      | Found Esumer's Weapon Shop.
  5636 | D:8      | Found Zoxtaeshakh's Jewellery Boutique.
  5700 | D:8      | Found Heidghoki's Jewellery Shop.
  6232 | D:9      | Noticed Prince Ribbit
  6506 | D:9      | Reached XP level 11. HP: 69/84 MP: 11/11
  6585 | D:9      | Received a gift from Trog
  6626 | D:9      | Killed Prince Ribbit
  6732 | D:9      | Reached skill level 1 in Axes
  6952 | D:9      | Paralysed by an orc for 3 turns
  7036 | D:9      | Noticed a two-headed ogre
  7043 | D:9      | Killed a two-headed ogre
  7190 | D:10     | Entered Level 10 of the Dungeon
  7364 | D:10     | Reached skill level 5 in Evocations
  7364 | D:10     | Found a staircase to the Lair.
  7405 | D:10     | Noticed Erolcha
  7432 | D:10     | Killed Erolcha
  7481 | D:10     | Identified the +5 long sword of the Land of Plenty {drain,
                  | Dex+3}
  7485 | D:10     | Found Juagoaq's Book Shoppe.
  7493 | D:10     | Reached skill level 10 in Long Blades
  8324 | D:11     | Noticed a green ugly thing
  8454 | D:11     | Killed a green ugly thing
  8455 | D:11     | Reached XP level 12. HP: 84/94 MP: 12/12
  8952 | D:11     | Received a gift from Trog
  9096 | Lair:1   | Entered Level 1 of the Lair of Beasts
  9110 | Lair:1   | Reached skill level 11 in Long Blades
  9118 | Lair:1   | HP: 2/94 [black mamba (7)]
  9119 | Lair:1   | Slain by a black mamba

Illustrated notes

Levels and vault maps discovered:
D:1:      dpeg_arrival_three_smaller_balls, layout_basic
D:2:      layout_loops_ring
D:3:      layout_basic, serial_shops, nicolae_shop_stone, st_stairs_9,
          minmay_misc_feat_doors, eino_curves_03, uniq_robin
D:4:      minmay_wonky_spiral, layout_basic,
          mainiacjoe_overflow_surrounded_room, minivault_5
D:5:      layout_cave_pods, uniq_menkaure, uniq_eustachio
D:6:      cheibrodos_barr_body, layout_basic, minmay_crystal_room,
          minmay_pentangle, uniq_maggie, uniq_edmund
D:7:      layout_cave_pools, nicolae_uskayaw_murder_on_the_dancefloor,
          elyvilon_altar_4, minmay_temple_entry_purple_smoke
D:8:      layout_basic, serial_shops, shop_statue, kennysheep_little_box, shop,
          nicolae_shop_window_shopping
D:9:      layout_cave_pools, uniq_prince_ribbit1
D:10:     layout_stronghold, erik_lair_island, serial_shops,
          nicolae_shop_statue_plus, uniq_erolcha
D:11:     layout_roguey
Lair:1:   layout_long_grid, fungi_pond_lemuel, cheibrodos_lair_reptile_den

Skill      XL: |  1  2  3  4  5  6  7  8  9 10 11 12 |
---------------+-------------------------------------+-----
Stealth        | 1 5 6 |  6.5
Long Blades    | 4 6 7 8 9 10 11 | 11.0
Throwing       | 4 5 6 |  6.4
Fighting       | 5 6 7 8 |  8.8
Short Blades   | 4 |  4.5
Armour         | 5 |  5.6
Dodging        | 5 6 |  6.6
Evocations     | 1 2 3 4 6 |  6.4
Shields        | 1 2 |  2.6
Axes           | 1 |  1.4

Action                   |  1- 3 |  4- 6 |  7- 9 | 10-12 || total
-------------------------+-------+-------+-------+-------++-------
Melee: Scimitar          |    49 |    77 |   149 |   378 ||   653
       Falchion          |     6 |       |     5 |    68 ||    79
       Punch             |       |     2 |     1 |       ||     3
       Dagger            |       |     1 |    37 |    21 ||    59
       Hand axe          |       |       |       |    31 ||    31
Throw: Stone             |       |    17 |    21 |    69 ||   107
       Boomerang         |       |       |       |    25 ||    25
       Dart              |       |       |       |     5 ||     5
Invok: Berserk           |       |       |     1 |     5 ||     6
       Trog's Hand       |       |       |       |     3 ||     3
  Use: Scroll            |     1 |       |     5 |     5 ||    11
       Potion            |       |     1 |     3 |     2 ||     6
 Stab: Sleeping          |     4 |     6 |     9 |     3 ||    22
Armor: Animal skin       |    15 |    13 |    21 |       ||    49
       Leather armour    |       |       |    30 |    75 ||   105
       Troll leather arm |       |       |       |    52 ||    52
Dodge: Dodged            |    48 |    47 |   121 |   308 ||   524
Block: Buckler           |       |       |    21 |    89 ||   110
